 Dungeon Crawl Stone Soup version 0.28-a0-941-g140ffa10cf (webtiles) character file.

Game seed: 1102218497391696566

450 Ijustatesigmund the Charlatan (level 7, -6/78 HPs)
             Began as a Gnoll Artificer on Nov 29, 2021.
             Mangled by Pikel (20 damage)
             ... on level 3 of the Dungeon.
             The game lasted 00:10:51 (5807 turns).

Ijustatesigmund the Charlatan (Gnoll Artificer)     Turns: 5807, Time: 00:10:52

Health: -6/78      AC: 19    Str: 11    XL:     7   Next: 4%
Magic:  10/10      EV:  0    Int: 13    God:
Gold:   131        SH:  8    Dex: 12    Spells: 10/10 levels left

rFire   . . .      SeeInvis .   a - +0 flail (protect)
rCold   . . .      Faith    .   g - +0 kite shield
rNeg    . . .      Spirit   .   b - +0 plate armour
rPois   .          Reflect  .   (no helmet)
rElec   .          Harm     .   (no cloak)
rCorr   .          Rampage  .   (no gloves)
Will    .....                   (no boots)
Stlth   ..........              (no amulet)
HPRegen 0.23/turn               (no ring)
MPRegen 0.12/turn               (no ring)

@: berserking (expiring), under a protective aura, very quick
A: fangs 1, strong nose, distributed training
a: no special abilities


You were on level 3 of the Dungeon.
You visited 1 branch of the dungeon, and saw 6 of its levels.

You collected 131 gold pieces.

Inventory:

Hand Weapons
 a - a +0 flail of protection (weapon)
Missiles
 l - 18 poisoned darts
Armour
 b - a +0 plate armour (worn)
 g - a +0 kite shield (worn)
 k - the +4 ring mail of the Thunderstorm {Harm Will+ Str-3 SInv}
   (You found it on level 6 of the Dungeon)

   Str:       It affects your strength (-3).
   SInv:      It lets you see invisible.
   Harm:      It increases damage dealt and taken.
   Will:      It increases your willpower.
Jewellery
 h - a ring of fire
Wands
 c - a wand of flame (1) (quivered)
Scrolls
 f - a scroll of identify
Potions
 j - 3 potions of lignification
 n - a potion of heal wounds
Miscellaneous
 e - a piece from Xom's chessboard (15/15)


   Skills:
 + Level 3.4 Fighting
 + Level 2.2 Short Blades
 + Level 2.2 Long Blades
 + Level 2.2 Axes
 + Level 2.2 Maces & Flails
 + Level 2.2 Polearms
 + Level 2.2 Staves
 + Level 2.2 Slings
 + Level 2.2 Bows
 + Level 2.2 Crossbows
 + Level 2.2 Throwing
 + Level 5.1 Armour
 + Level 3.4 Dodging
 + Level 3.2 Stealth
 + Level 2.2 Shields
 + Level 2.2 Unarmed Combat
 + Level 2.2 Spellcasting
 + Level 1.8 Conjurations
 + Level 1.8 Hexes
 + Level 1.8 Summonings
 + Level 1.8 Necromancy
 + Level 1.8 Translocations
 + Level 1.8 Transmutations
 + Level 1.8 Fire Magic
 + Level 1.8 Ice Magic
 + Level 1.8 Air Magic
 + Level 1.8 Earth Magic
 + Level 1.8 Poison Magic
 + Level 2.4 Invocations
 + Level 6.9 Evocations


You had 10 spell levels left.
You didn't know any spells.
Your spell library contained the following spells:

 Spells                   Type           Power      Damage    Failure   Level
 Corpse Rot               Necr/Air       12%        N/A       100%        2
 Poisonous Vapours        Pois/Air       12%        N/A       100%        2


Dungeon Overview and Level Annotations

Branches:
Dungeon (6/15)
 Temple: D:4-7

Altars:
Elyvilon
Sif Muna
Uskayaw

Annotations:
D:3 Pikel


Innate Abilities, Weirdness & Mutations

You have very sharp teeth.
Your uncanny sense of smell can sniff out nearby items.
Your experience applies equally to all skills.


Message History

Pikel is lightly wounded.
Pikel hits you but does no damage.
You closely miss Pikel.
Pikel is lightly wounded.
Pikel hits you with a +2 whip of electrocution!
You closely miss Pikel.
Pikel is lightly wounded.
Pikel hits you with a +2 whip of electrocution.
You sock Pikel!
Pikel is moderately wounded.
You block Pikel's attack.
You closely miss Pikel. You bite Pikel!
Pikel is heavily wounded.
Pikel hits you but does no damage.
You are electrocuted!
You closely miss Pikel.
Pikel is heavily wounded.
Pikel hits you with a +2 whip of electrocution!
You thump Pikel!
Pikel is almost dead.
Pikel hits you with a +2 whip of electrocution.
You closely miss Pikel.
Pikel is almost dead.
Pikel hits you but does no damage.
You are electrocuted!!
* * * LOW HITPOINT WARNING * * *
Your plate armour prevents you from hitting Pikel.
Pikel is almost dead.
You block Pikel's attack.
You barely miss Pikel.
Pikel is almost dead.
Pikel hits you but does no damage.
You hit Pikel.
Pikel is almost dead.
Pikel hits you with a +2 whip of electrocution!
* * * LOW HITPOINT WARNING * * *
You miss Pikel.
Pikel is almost dead.
Pikel hits you with a +2 whip of electrocution.
* * * LOW HITPOINT WARNING * * *
You are electrocuted!!
You die...

#.#######.##.###................#
#....# #.##.# #.................
#.##.# #.##.# #......^#.#######.
#.##.# #.##.# ####.####.# ###.
#.##.# #.##.# #.# #.# #... #.##.#
#.##.# #.# #.# #...
#.##.####.##.# #.####.# #...
#.##.........######......# ###.
...........)....@K.......#######.
..##########...#########.........
### ##### ##########


You could see Pikel.

Vanquished Creatures
  A water moccasin (D:5)
  A lemure (D:4)
  A jelly (D:4)
  A water moccasin skeleton (D:4)
  4 adders
  2 worms
  A dart slug (D:1)
  2 orcs
  4 ball pythons
  9 bats
  2 endoplasms
  2 giant cockroaches
  5 goblins
  7 hobgoblins
  3 quokkas
  A frilled lizard (D:1)
  3 kobolds
  5 rats
54 creatures vanquished.

Vanquished Creatures (collateral kills)
  A scorpion (D:5)
  A wyvern skeleton (D:5)
  An iguana (D:5)
  An adder (D:5)
4 creatures vanquished.

Vanquished Creatures (others)
  An ogre (D:6)
  A killer bee zombie (D:6)
  A ball python (D:4)
  A bat (D:1)
  10 fungi (D:1)
  4 plants (D:1)
18 creatures vanquished.

Grand Total: 76 creatures vanquished

Notes
Turn   | Place    | Note
-------+----------+-------------------------------------------
     0 | D:1      | Ijustatesigmund the Gnoll Artificer began the quest for the
                  | Orb.
     0 | D:1      | Reached XP level 1. HP: 17/17 MP: 1/1
   534 | D:1      | Reached XP level 2. HP: 21/23 MP: 2/2
   767 | D:1      | Found a faded altar of an unknown god.
  1181 | D:1      | Reached XP level 3. HP: 28/28 MP: 3/3
  1598 | D:2      | Reached skill level 1 in Invocations
  2739 | D:3      | Found a shimmering blue altar of Sif Muna.
  2905 | D:3      | You fall into a shaft and drop 3 floors!
  2918 | D:6      | Identified the +4 ring mail of the Thunderstorm {Harm Will+
                  | Str-3 SInv}
  2934 | D:6      | Noticed an ogre
  3038 | D:6      | Noticed an orc warrior
  3056 | D:6      | Reached skill level 1 in Short Blades
  3056 | D:6      | Reached skill level 1 in Long Blades
  3056 | D:6      | Reached skill level 1 in Axes
  3056 | D:6      | Reached skill level 1 in Maces & Flails
  3056 | D:6      | Reached skill level 1 in Polearms
  3056 | D:6      | Reached skill level 1 in Staves
  3056 | D:6      | Reached skill level 1 in Slings
  3056 | D:6      | Reached skill level 1 in Bows
  3056 | D:6      | Reached skill level 1 in Crossbows
  3056 | D:6      | Reached skill level 1 in Throwing
  3056 | D:6      | Reached skill level 1 in Shields
  3056 | D:6      | Reached skill level 1 in Unarmed Combat
  3056 | D:6      | Reached skill level 1 in Spellcasting
  3056 | D:6      | Reached XP level 4. HP: 5/34 MP: 5/5
  3314 | D:5      | Entered Level 5 of the Dungeon
  3394 | D:5      | Reached skill level 1 in Conjurations
  3394 | D:5      | Reached skill level 1 in Hexes
  3394 | D:5      | Reached skill level 1 in Summonings
  3394 | D:5      | Reached skill level 1 in Necromancy
  3394 | D:5      | Reached skill level 1 in Translocations
  3394 | D:5      | Reached skill level 1 in Transmutations
  3394 | D:5      | Reached skill level 1 in Fire Magic
  3394 | D:5      | Reached skill level 1 in Ice Magic
  3394 | D:5      | Reached skill level 1 in Air Magic
  3394 | D:5      | Reached skill level 1 in Earth Magic
  3394 | D:5      | Reached skill level 1 in Poison Magic
  3397 | D:5      | Reached XP level 5. HP: 26/40 MP: 6/6
  3790 | D:5      | Noticed a water moccasin
  3803 | D:5      | Killed a water moccasin
  4004 | D:5      | Noticed an ogre
  4008 | D:5      | Reached XP level 6. HP: 47/47 MP: 8/8
  4017 | D:5      | Reached skill level 5 in Armour
  4502 | D:3      | Found a hide-covered altar of Uskayaw.
  5069 | D:3      | Found a white marble altar of Elyvilon.
  5382 | D:4      | Reached XP level 7. HP: 29/52 MP: 10/10
  5772 | D:4      | Noticed Pikel
  5807 | D:3      | Mangled by Pikel

Illustrated notes

Levels and vault maps discovered:
D:1:      psy_arrival_spokes, layout_loops_ring,
          shapermc_ecumenical_altar_hornbeckon
D:2:      layout_loops_corners, hangedman_abyss_or_decor_stabs
D:3:      layout_loops_ring, nicolae_sif_muna_condensation,
          mainiacjoe_overflow_small_starburst, general_overflow_altar
D:4:      layout_gridville, chequers_jeans, dk_noncrumbling_4, uniq_pikel
D:5:      layout_basic
D:6:      cheibrodos_thug_alley, layout_loops_corners, kennysheep_slug_shrine,
          minmay_temple_entry_water_ring

Skill      XL: |  1  2  3  4  5  6 |
---------------+-------------------+-----
Invocations    | 1 2 |  2.4
Short Blades   | 1 2 |  2.2
Long Blades    | 1 2 |  2.2
Axes           | 1 2 |  2.2
Maces & Flails | 1 2 |  2.2
Polearms       | 1 2 |  2.2
Staves         | 1 2 |  2.2
Slings         | 1 2 |  2.2
Bows           | 1 2 |  2.2
Crossbows      | 1 2 |  2.2
Throwing       | 1 2 |  2.2
Shields        | 1 2 |  2.2
Unarmed Combat | 1 2 |  2.2
Spellcasting   | 1 2 |  2.2
Conjurations   | 1 |  1.8
Hexes          | 1 |  1.8
Summonings     | 1 |  1.8
Necromancy     | 1 |  1.8
Translocations | 1 |  1.8
Transmutations | 1 |  1.8
Fire Magic     | 1 |  1.8
Ice Magic      | 1 |  1.8
Air Magic      | 1 |  1.8
Earth Magic    | 1 |  1.8
Poison Magic   | 1 |  1.8
Fighting       | 3 |  3.4
Dodging        | 3 |  3.4
Stealth        | 3 |  3.2
Armour         | 5 |  5.1
Evocations     | |  6.9

Action                   |  1- 3 |  4- 6 |  7- 9 || total
-------------------------+-------+-------+-------++-------
Melee: Club              |   145 |       |       ||   145
       Bite              |    20 |    16 |     2 ||    38
       Flail             |    21 |   137 |    25 ||   183
Evoke: Wand              |     9 |    19 |     1 ||    29
       Piece from Xom's  |     1 |       |       ||     1
  Use: Scroll            |     7 |     6 |       ||    13
       Potion            |       |       |     1 ||     1
 Stab: Sleeping          |     5 |       |       ||     5
Armor: Ring mail         |    51 |       |       ||    51
       Plate armour      |    40 |   154 |    13 ||   207
Dodge: Dodged            |    35 |     5 |       ||    40
Block: Kite shield       |    69 |    75 |    10 ||   154

Table legend: (Time is in decaauts)
 A = Elapsed time spent in this place.
 B = Non-inter-level travel time spent in this place.
 C = Inter-level travel time spent in this place.
 D = Time resting spent in this place.
 E = Time spent auto-exploring this place.
 F = Levels seen in this place.
 G = Mean time per level.
                   A        B        C        D        E       F      G
               +--------+--------+--------+--------+--------+-----+--------+
         Total |   5995 |   5886 |    109 |   2170 |   2445 |   6 |  999.2 |
       Dungeon |   5995 |   5886 |    109 |   2170 |   2445 |   6 |  999.2 |
               +--------+--------+--------+--------+--------+-----+--------+

Top non-repeatable levels by time:
     D:1: 1534 daAuts
     D:2: 1280 daAuts
     D:3: 1255 daAuts
     D:4: 782 daAuts
     D:5: 650 daAuts
     D:6: 492 daAuts
